EL
SAN ANTONIO MISSIONS @ READING FIGHTIN PHILS
09/16/2045
 
TOP OF THE 1ST
San Antonio Missions batting - Pitching for Reading Fightin Phils : RHP Chris Perteet
Pitching: RHP Chris Perteet
Batting: RHB Luwen Storm 0-0: Swinging Strike
0-1: Ball
1-1: Ball
2-1: Foul Ball, location: 2F
2-2: Fly out, F7 (Flyball, 7LS, EV 91.2 MPH)
Batting: SHB Devin Hottenstein 0-0: Ball
1-0: Ball
2-0: Swinging Strike
2-1: Swinging Strike
2-2: Strikes out swinging
Batting: RHB John Shaffer 0-0: Ball
1-0: Called Strike
1-1: Ball
2-1: Swinging Strike
2-2: Strikes out swinging
Top of the 1st over - 0 runs, 0 hits, 0 errors, 0 left on base; San Antonio 0 - Reading 0
BOTTOM OF THE 1ST
Reading Fightin Phils batting - Pitching for San Antonio Missions : LHP Kurt Sutton
Pitching: LHP Kurt Sutton
Batting: RHB Alberto Ramirez 0-0: Called Strike
0-1: Fly out, F8 (Flyball, 8RM, EV 86.9 MPH)
Batting: LHB Osamu Kubo 0-0: Foul Ball, location: 2F
0-1: Swinging Strike
0-2: Strikes out swinging
Batting: RHB William-Floyd Goof 0-0: Ball
1-0: Foul Ball, location: 2F
1-1: Ball
2-1: Foul Ball, location: 2F
2-2: Fly out, F8 (Flyball, 78D, EV 95.6 MPH)
Bottom of the 1st over - 0 runs, 0 hits, 0 errors, 0 left on base; San Antonio 0 - Reading 0
TOP OF THE 2ND
San Antonio Missions batting - Pitching for Reading Fightin Phils : RHP Chris Perteet
Batting: LHB Javy Portela 0-0: Called Strike
0-1: Swinging Strike
0-2: Ball
1-2: Strikes out swinging
Batting: LHB Josh Slusarczyk 0-0: Ball
1-0: Called Strike
1-1: Called Strike
1-2: Foul Ball, location: 2F
1-2: Foul Ball, location: 2F
1-2: Strikes out swinging
Batting: RHB Scott Schwartz 0-0: Swinging Strike
0-1: Swinging Strike
0-2: Ball
1-2: Ball
2-2: Ball
3-2: Strikes out swinging
Top of the 2nd over - 0 runs, 0 hits, 0 errors, 0 left on base; San Antonio 0 - Reading 0
BOTTOM OF THE 2ND
Reading Fightin Phils batting - Pitching for San Antonio Missions : LHP Kurt Sutton
Batting: SHB Phuck II 0-0: Ball
1-0: Ball
2-0: Fly out, F8 (Flyball, 8LD, EV 92.5 MPH)
Batting: RHB Mark Schultz 0-0: Ball
1-0: Fly out, F7 (Flyball, 7LM, EV 95.6 MPH)
Batting: RHB Carlos Morejon 0-0: Ball
1-0: Called Strike
1-1: Ball
2-1: Swinging Strike
2-2: Fly out, F9 (Flyball, 9D, EV 98.1 MPH)
Bottom of the 2nd over - 0 runs, 0 hits, 0 errors, 0 left on base; San Antonio 0 - Reading 0
TOP OF THE 3RD
San Antonio Missions batting - Pitching for Reading Fightin Phils : RHP Chris Perteet
Batting: RHB Joe Weissman 0-0: Foul Ball, location: 2F
0-1: Called Strike
0-2: Strikes out swinging
Batting: SHB Curtis Thompson 0-0: Ball
1-0: Called Strike
1-1: Ball
2-1: Foul Ball, location: 2F
2-2: Ball
3-2: Fly out, F9 (Line Drive, 9S, EV 107.5 MPH)
Batting: LHB Bobby Adams 0-0: Ball
1-0: Called Strike
1-1: Ball
2-1: Fly out, F4 (Popup, 4D, EV 47.5 MPH)
Top of the 3rd over - 0 runs, 0 hits, 0 errors, 0 left on base; San Antonio 0 - Reading 0
BOTTOM OF THE 3RD
Reading Fightin Phils batting - Pitching for San Antonio Missions : LHP Kurt Sutton
Batting: SHB Benjamin Brown 0-0: Fly out, F7 (Line Drive, 78S, EV 98.8 MPH)
Batting: RHB Kyle Reilly 0-0: Ball
1-0: Called Strike
1-1: Called Strike
1-2: Foul Ball, location: 2F
1-2: Ball
2-2: Strikes out looking
Batting: RHB Steve Jones 0-0: Called Strike
0-1: DOUBLE (Line Drive, 7LM, EV 110.6 MPH)
Batting: RHB Alberto Ramirez 0-0: Foul Ball, location: 2F
0-1: Ball
1-1: Ground out 5-3 (Groundball, 56S, EV 88.1 MPH)
Bottom of the 3rd over - 0 runs, 1 hit, 0 errors, 1 left on base; San Antonio 0 - Reading 0
TOP OF THE 4TH
San Antonio Missions batting - Pitching for Reading Fightin Phils : RHP Chris Perteet
Batting: RHB Luwen Storm 0-0: Foul Ball, location: 2F
0-1: Ball
1-1: Foul Ball, location: 2F
1-2: Fly out, F4 (Popup, 4S, EV 80.0 MPH)
Batting: SHB Devin Hottenstein 0-0: Called Strike
0-1: Foul Ball, location: 2F
0-2: Ball
1-2: Foul Ball, location: 2F
1-2: Foul Ball, location: 2F
1-2: Fly out, F8 (Line Drive, 8RD, EV 95.6 MPH)
Batting: RHB John Shaffer 0-0: Foul Ball, location: 2F
0-1: Foul Ball, location: 2F
0-2: Ball
1-2: Fly out, F8 (Flyball, 89S, EV 91.9 MPH)
Top of the 4th over - 0 runs, 0 hits, 0 errors, 0 left on base; San Antonio 0 - Reading 0
BOTTOM OF THE 4TH
Reading Fightin Phils batting - Pitching for San Antonio Missions : LHP Kurt Sutton
Batting: LHB Osamu Kubo 0-0: Ground out 3-1 (Groundball, 34, EV 86.2 MPH)
Batting: RHB William-Floyd Goof 0-0: Ball
1-0: Ball
2-0: Called Strike
2-1: Fly out, F7 (Flyball, 78S, EV 80.6 MPH)
Pitching: RHP Travis White
Batting: SHB Phuck II 0-0: Ball
1-0: Called Strike
1-1: Foul Ball, location: 2F
1-2: Strikes out looking
Bottom of the 4th over - 0 runs, 0 hits, 0 errors, 0 left on base; San Antonio 0 - Reading 0
TOP OF THE 5TH
San Antonio Missions batting - Pitching for Reading Fightin Phils : RHP Chris Perteet
Batting: LHB Javy Portela 0-0: Ball
1-0: SINGLE (Line Drive, 4M, EV 105.6 MPH)
Batting: LHB Josh Slusarczyk 0-0: Called Strike
0-1: Swinging Strike
0-2: Strikes out swinging
Batting: RHB Scott Schwartz 0-0: Ball
Javy Portela is caught stealing 2nd base 2-4
1-0: Ball
2-0: Ball
3-0: Called Strike
3-1: Foul Ball, location: 2F
3-2: SINGLE (Groundball, 34D, EV 101.9 MPH)
Batting: RHB Joe Weissman 0-0: Ball
1-0: Ball
2-0: Called Strike
2-1: Fly out, F9 (Line Drive, 9, EV 92.5 MPH)
Top of the 5th over - 0 runs, 2 hits, 0 errors, 1 left on base; San Antonio 0 - Reading 0
BOTTOM OF THE 5TH
Reading Fightin Phils batting - Pitching for San Antonio Missions : RHP Travis White
Batting: RHB Mark Schultz 0-0: SINGLE (Groundball, 56S, EV 64.4 MPH) (infield hit)
Batting: RHB Carlos Morejon 0-0: Ball
Mark Schultz steals 2nd base
1-0: SINGLE (Flyball, 9LS, EV 96.2 MPH)
Mark Schultz to third
Batting: SHB Benjamin Brown 0-0: Called Strike
0-1: Swinging Strike
0-2: Strikes out looking
Batting: RHB Kyle Reilly 0-0: Ball
1-0: Ball
2-0: Foul Ball, location: 2F
2-1: Foul Ball, location: 2F
2-2: Hit by Pitch
Carlos Morejon to second
Batting: RHB Steve Jones 0-0: Ball
1-0: Swinging Strike
1-1: Foul Ball, location: 2F
1-2: Fielders Choice at 2nd, 3-6 (Groundball, 3, EV 106.9 MPH)
Mark Schultz scores
Carlos Morejon to third
Batting: RHB Alberto Ramirez 0-0: Ball
1-0: Fly out, F3 (Popup, 23, EV 93.1 MPH)
Bottom of the 5th over - 1 run, 2 hits, 0 errors, 2 left on base; San Antonio 0 - Reading 1
TOP OF THE 6TH
San Antonio Missions batting - Pitching for Reading Fightin Phils : RHP Chris Perteet
Batting: SHB Curtis Thompson 0-0: Called Strike
0-1: Swinging Strike
0-2: SINGLE (Line Drive, 78M, EV 85.0 MPH)
Pitching: RHP Andy Burchfield
Batting: LHB Bobby Adams 0-0: Foul Ball, location: 2F
0-1: Ball
1-1: Swinging Strike
1-2: Ball
2-2: Strikes out swinging
Pinch Hitting: LHB Ben Antal 0-0: Called Strike
Curtis Thompson is caught stealing 2nd base 2-6
0-1: Ball
1-1: Ground out 4-3 (Groundball, 4, EV 96.2 MPH)
Top of the 6th over - 0 runs, 1 hit, 0 errors, 0 left on base; San Antonio 0 - Reading 1
BOTTOM OF THE 6TH
Reading Fightin Phils batting - Pitching for San Antonio Missions : RHP Travis White
Now at 3B: Mario Mejia
Batting: LHB Osamu Kubo 0-0: Ball
1-0: Ball
2-0: Fly out, F7 (Line Drive, 7, EV 106.2 MPH)
Batting: RHB William-Floyd Goof 0-0: Ball
1-0: Swinging Strike
1-1: Ball
2-1: Ball
3-1: Base on Balls
Batting: SHB Phuck II 0-0: Called Strike
William-Floyd Goof is caught stealing 2nd base 2-6
0-1: Swinging Strike
0-2: Ball
1-2: Strikes out swinging
Bottom of the 6th over - 0 runs, 0 hits, 0 errors, 0 left on base; San Antonio 0 - Reading 1
TOP OF THE 7TH
San Antonio Missions batting - Pitching for Reading Fightin Phils : RHP Andy Burchfield
Pitching: LHP Brian Wildrick
Batting: SHB Devin Hottenstein 0-0: Called Strike
0-1: Ball
1-1: Ball
2-1: Called Strike
2-2: Foul Ball, location: 2F
2-2: Ball
3-2: Base on Balls
Batting: RHB John Shaffer 0-0: Foul Ball, location: 2F
0-1: Called Strike
0-2: Strikes out swinging
Batting: LHB Javy Portela 0-0: Called Strike
0-1: SINGLE (Groundball, 4D, EV 103.8 MPH)
Devin Hottenstein to second
Batting: LHB Josh Slusarczyk 0-0: Fly out, F6 (Popup, 6D, EV 52.5 MPH)
Batting: RHB Scott Schwartz 0-0: Called Strike
0-1: Foul Ball, location: 2F
0-2: Strikes out looking
Top of the 7th over - 0 runs, 1 hit, 0 errors, 2 left on base; San Antonio 0 - Reading 1
BOTTOM OF THE 7TH
Reading Fightin Phils batting - Pitching for San Antonio Missions : RHP Travis White
Pitching: RHP John Pena
Batting: RHB Mark Schultz 0-0: Called Strike
0-1: Ball
1-1: Ball
2-1: Ground out 4-3 (Groundball, 4S, EV 85.6 MPH)
Batting: RHB Carlos Morejon 0-0: Ground out 6-3 (Groundball, 6, EV 81.9 MPH)
Batting: SHB Benjamin Brown 0-0: Called Strike
0-1: SOLO HOME RUN (Line Drive, 9D, EV 98.8 MPH), Distance : 383 ft
Batting: RHB Kyle Reilly 0-0: Called Strike
0-1: Called Strike
0-2: Ball
1-2: Foul Ball, location: 2F
1-2: Ground out 4-3 (Groundball, 4, EV 82.5 MPH)
Bottom of the 7th over - 1 run, 1 hit, 0 errors, 0 left on base; San Antonio 0 - Reading 2
TOP OF THE 8TH
San Antonio Missions batting - Pitching for Reading Fightin Phils : LHP Brian Wildrick
Pitching: LHP Wil Diaz
Batting: RHB Joe Weissman 0-0: Swinging Strike
0-1: Foul Ball, location: 2F
0-2: Strikes out swinging
Batting: SHB Curtis Thompson 0-0: Called Strike
0-1: Called Strike
0-2: Ball
1-2: Ground out 5-3 (Groundball, 56, EV 110.0 MPH)
Batting: LHB Bobby Adams 0-0: Foul Ball, location: 2F
0-1: Ground out 4-3 (Groundball, 4M, EV 106.2 MPH)
Top of the 8th over - 0 runs, 0 hits, 0 errors, 0 left on base; San Antonio 0 - Reading 2
BOTTOM OF THE 8TH
Reading Fightin Phils batting - Pitching for San Antonio Missions : RHP John Pena
Batting: RHB Steve Jones 0-0: Foul Ball, location: 2F
0-1: Ball
1-1: Foul Ball, location: 2F
1-2: Ground out 4-3 (Groundball, 4, EV 106.2 MPH)
Batting: RHB Alberto Ramirez 0-0: Ball
1-0: Ball
2-0: Swinging Strike
2-1: Foul Ball, location: 2F
2-2: Ground out 6-3 (Groundball, 6, EV 89.4 MPH)
Batting: LHB Osamu Kubo 0-0: Called Strike
0-1: Called Strike
0-2: Ground out 4-3 (Groundball, 34, EV 96.9 MPH)
Bottom of the 8th over - 0 runs, 0 hits, 0 errors, 0 left on base; San Antonio 0 - Reading 2
TOP OF THE 9TH
San Antonio Missions batting - Pitching for Reading Fightin Phils : LHP Wil Diaz
Pitching: RHP Lucas McPhillie
Now at 1B: Phuck II
Now in LF: Jose Fierro
Batting: RHB Mario Mejia 0-0: Called Strike
0-1: Foul Ball, location: 2F
0-2: Strikes out swinging
Batting: SHB Devin Hottenstein 0-0: Foul Ball, location: 2F
0-1: Swinging Strike
0-2: Ball
1-2: Strikes out looking
Batting: RHB John Shaffer 0-0: Swinging Strike
0-1: Swinging Strike
0-2: Ball
1-2: Ball
2-2: Strikes out looking
Top of the 9th over - 0 runs, 0 hits, 0 errors, 0 left on base; San Antonio 0 - Reading 2
Wednesday, June 22nd , 2022 - OOTP Baseball 23.4 Build 64